AoeStats
← GDL El Pinguino

QS Arena

503343985Analyzed
4v4 RM · 1mo ago on Aug 31, 2026· 59m 0s· 8 players
Game mode
Random Map
Map size
Large (8 player)
Population
200
Speed
Normal
Resources
Standard
Victory
Conquest
Starting age
Dark Age
Ending age
Imperial Age
RankedLock teamsTeams togetherTeam positionsShared explorationLock speedFull tech treeHidden civsTurbo modeCheats
Victory
Defeat
🇬🇧 Koreans · United Kingdom
1535
+17
🇩🇪 Britons · Germany
1534
+17
🇪🇸 Wu · Spain
1521
+18
🇯🇵 Celts · Japan
1445
+21
🇲🇽 Khmer · Mexico
1686
-24
🇵🇪 Spanish · Peru
1634
-22
🇲🇽 Burgundians · Mexico
1530
-17
🇲🇽 Malay · Mexico
1384
-11
Keishi
8:27 Feudal Age
12:00 Castle Age
10:09 Double-Bit Axe
10:26 Horse Collar
13:59 Bow Saw
16:41 Wheelbarrow
19:43 Loom
20:28 Hand Cart
20:50 Gold Mining
24:12 Gold Shaft Mining
26:30 Imperial Age
24:12 Scale Mail Armor
24:22 Forging
23:40 Pikeman
24:27 Stone Mining
27:01 Chain Mail Armor
27:21 Iron Casting
26:51 Onager
27:39 Siege Engineers
28:23 Plate Mail Armor
29:15 Stone Shaft Mining
29:09 Conscription
29:02 Furor Celtica
29:21 Conscription
30:12 Blast Furnace
29:56 Halberdier
30:10 Capped Ram
31:01 Fletching
33:17 Hoardings
33:19 Siege Ram
33:23 Siege Onager
35:18 Heavy Plow
34:53 Siege Ram
35:28 Stronghold
36:46 Bodkin Arrow
39:59 Arson
41:32 Coinage
41:28 Gambesons
44:00 Ballistics
44:41 Chemistry
43:52 Masonry
46:22 Treadmill Crane
46:29 Arrowslits
46:33 Elite Woad Raider
47:38 Murder Holes
55:48 Banking
56:05 Padded Archer Armor
58:01 Man-at-Arms
fadeaway
8:44 Feudal Age
9:44 Double-Bit Axe
13:02 Castle Age
12:41 Horse Collar
14:21 Bow Saw
18:03 Heavy Plow
23:39 Fletching
24:23 Stone Mining
24:42 Loom
26:07 Gold Mining
30:30 Imperial Age
28:37 Wheelbarrow
28:45 Padded Archer Armor
28:50 Bodkin Arrow
29:44 Ballistics
30:50 Hand Cart
31:18 Gold Shaft Mining
31:14 Bracer
32:25 Chemistry
34:10 Elite Longbowman
35:06 Leather Archer Armor
35:22 Crossbowman
36:42 Conscription
37:03 Hoardings
36:41 Masonry
37:25 Arbalester
39:25 Ring Archer Armor
40:05 Yeomen
41:21 Town Watch
41:35 Elite Skirmisher
43:04 Architecture
43:43 Murder Holes
45:29 Town Patrol
54:17 Pikeman
55:21 Scale Mail Armor
58:00 Squires
58:30 Forging
58:42 Chain Mail Armor
60:27 Two-Man Saw
Ash
7:43 Feudal Age
12:07 Castle Age
10:41 Double-Bit Axe
11:23 Horse Collar
11:55 Loom
17:32 Town Watch
20:27 Fletching
34:20 Heavy Plow
35:08 Caravan
36:23 Wheelbarrow
36:50 Bow Saw
37:56 Hand Cart
40:50 Imperial Age
39:09 Scale Mail Armor
39:20 Forging
39:08 Bodkin Arrow
40:20 Town Patrol
40:50 Ballistics
40:01 Elite Skirmisher
40:02 Crossbowman
40:47 Thumb Ring
40:56 Thumb Ring
40:13 Crossbowman
41:37 Bracer
40:59 Arbalester
43:10 Chemistry
42:13 Eupseong
42:51 Fortified Wall
44:41 Conscription
44:09 Arrowslits
45:04 Squires
44:49 Arson
48:17 Two-Man Saw
49:08 Scale Mail Armor
49:18 Forging
48:39 Elite Fire Lancer
49:59 Siege Engineers
51:30 Chain Mail Armor
51:51 Iron Casting
51:28 Gold Mining
51:28 Stone Mining
51:46 Pikeman
52:57 Plate Mail Armor
52:14 Arson
53:04 Halberdier
rpallarols
7:58 Feudal Age
12:28 Castle Age
10:48 Double-Bit Axe
11:11 Horse Collar
13:39 Bow Saw
17:52 Arson
18:10 Squires
21:01 Scale Mail Armor
21:41 Forging
22:49 Chain Mail Armor
22:22 Loom
23:37 Gold Mining
23:37 Stone Mining
24:55 Iron Casting
25:45 Wheelbarrow
25:21 Town Watch
27:29 Gold Shaft Mining
26:27 Pikeman
32:33 Imperial Age
30:27 Hand Cart
30:13 Town Patrol
30:44 Heavy Plow
31:37 Fletching
32:42 Halberdier
33:57 Plate Mail Armor
33:52 Conscription
34:31 Coinage
36:17 Blast Furnace
35:13 Bodkin Arrow
35:36 Sitting Tiger
37:00 Banking
38:47 Two-Man Saw
38:28 Stone Shaft Mining
38:08 Man-at-Arms
39:52 Ballistics
40:32 Chemistry
40:45 Long Swordsman
42:14 Two-Handed Swordsman
43:55 Bracer
44:29 Champion
45:00 Champion
45:55 Caravan
[GDL] ANCHO
9:12 Feudal Age
12:00 Castle Age
10:09 Double-Bit Axe
11:46 Gold Mining
12:58 Bow Saw
14:46 Wheelbarrow
18:10 Horse Collar
21:57 Town Watch
21:58 Loom
26:22 Hand Cart
32:39 Imperial Age
30:40 Heavy Plow
31:33 Husbandry
31:44 Bloodlines
31:42 Light Cavalry
32:42 Hussar
33:11 Capped Ram
34:27 Crop Rotation
34:33 Scale Barding Armor
34:40 Forging
35:35 Chain Barding Armor
35:55 Iron Casting
35:05 Siege Ram
36:57 Plate Barding Armor
38:54 Blast Furnace
37:55 Padded Archer Armor
39:21 Coinage
41:22 Banking
42:03 Conscription
57:06 Fletching
57:49 Bodkin Arrow
57:17 Elite Skirmisher
58:49 Bracer
GDL El Pinguino
1:16 Wheelbarrow
5:42 Double-Bit Axe
9:41 Feudal Age
13:15 Castle Age
12:00 Bow Saw
13:52 Horse Collar
16:14 Loom
21:26 Stone Mining
22:09 Gold Mining
26:05 Imperial Age
24:04 Hand Cart
25:08 Two-Man Saw
24:09 Heavy Plow
24:00 Loom
24:29 Cavalier
25:22 Forging
25:53 Gold Shaft Mining
25:39 Husbandry
26:51 Crop Rotation
26:11 Paladin
27:40 Iron Casting
27:12 Scale Barding Armor
28:52 Chemistry
28:21 Conscription
28:32 Chain Barding Armor
33:12 Blast Furnace
32:51 Plate Barding Armor
36:58 Stone Shaft Mining
41:02 Elite Skirmisher
41:38 Fletching
41:48 Padded Archer Armor
46:05 Bodkin Arrow
46:26 Leather Archer Armor
48:57 Light Cavalry
50:31 Capped Ram
57:31 Bracer
[GDL] ColimoteStudioS
8:10 Feudal Age
8:24 Double-Bit Axe
8:26 Horse Collar
14:27 Castle Age
17:44 Forging
17:52 Loom
21:03 Iron Casting
26:10 Wheelbarrow
25:46 Bow Saw
25:37 Heavy Plow
26:08 Gold Mining
26:08 Stone Mining
32:20 Imperial Age
30:31 Ballistics
30:14 Fletching
30:25 Padded Archer Armor
30:44 Elite Skirmisher
31:52 Thumb Ring
31:48 Town Watch
33:30 Chemistry
33:06 Bodkin Arrow
34:26 Conscription
34:40 Leather Archer Armor
35:21 Bracer
37:12 Ring Archer Armor
36:31 Crossbowman
39:34 Blast Furnace
38:36 Forced Levy
38:46 Man-at-Arms
39:27 Squires
39:12 Arson
39:19 Long Swordsman
40:03 Two-Handed Swordsman
43:17 Masonry
46:54 Arbalester
58:20 Caravan
Sadico
6:29 Loom
8:15 Feudal Age
8:41 Feudal Age
12:12 Castle Age
10:37 Double-Bit Axe
10:40 Horse Collar
10:56 Stone Mining
14:00 Bow Saw
19:42 Loom
26:53 Padded Archer Armor
28:50 Leather Archer Armor
30:02 Wheelbarrow
30:25 Town Watch
32:59 Gold Mining
35:55 Imperial Age
35:02 Hand Cart
36:55 Elite Conquistador
38:00 Fletching
39:55 Chemistry
40:19 Conscription
44:33 Ring Archer Armor
50:06 Bloodlines
49:56 Husbandry
55:20 Light Cavalry
Connection lost

Rejoining the realm…

Still unreachable

The connection could not be restored.

Session expired

The server has moved on; the page needs a fresh start.